 Dungeon Crawl Stone Soup version 0.30-a0-718-geaa24f58ff (webtiles) character file.

Game seed: 4494421708244859955

10239 Darius099 the Grappler (level 11, -3/115 HPs)
             Began as a Troll Monk on Jan 25, 2023.
             Slain by a manticore (8 damage)
             ... on level 11 of the Dungeon.
             The game lasted 00:28:25 (7967 turns).

Darius099 the Grappler (Troll Monk)                 Turns: 7967, Time: 00:28:25

Health: -3/115     AC:  4    Str: 21    XL:     11   Next: 33%
Magic:  10/10      EV: 20    Int: 11    God:
Gold:   614        SH:  0    Dex: 22    Spells: 10/10 levels left

rFire   + + .      SeeInvis .      - Unarmed
rCold   + . .      Faith    .    (no shield)
rNeg    . . .      Spirit   .    E - +1 swamp dragon scales
rPois   +          Reflect  .    (helmet restricted)
rElec   +          Harm     .    H - +1 cloak
rCorr   +          Rampage  .    (gloves unavailable)
Will    .....                    (boots unavailable)
Stlth   +                        y - amulet of the acrobat
HPRegen 1.19/turn                d - +6 ring of dexterity
MPRegen 0.12/turn                C - ring "Igreuwut" {rF+ EV+5 Int+5}

@: resistant, corroded
A: large, unfitting armour, claws 3, regeneration 1, shaggy fur 1, tough skin 1
a: no special abilities


You were on level 11 of the Dungeon.
You visited 2 branches of the dungeon, and saw 12 of its levels.

You collected 614 gold pieces.

Inventory:

Missiles
 L - 4 throwing nets (quivered)
Armour
 a - the +2 robe "Umuvuen" {Fly}
   (You found it on level 3 of the Dungeon)

   Fly:       It grants you flight.
 E - +1 swamp dragon scales (worn)
 H - a +1 cloak (worn)
 O - a +0 troll leather armour
Jewellery
 d - a +6 ring of dexterity (left claw)
 o - an amulet of magic regeneration
 p - a ring of willpower
 y - an amulet of the acrobat (around neck)
 B - the Hermit's Pendant {Faith Invo=14 Evo=0 MP+5}
   (You took it off an orc warrior on level 6 of the Dungeon)

   [amulet of faith]

   Invo=14: It sets your Invocations skill to 14.
   Evo=0: It sets your Evocations skill to 0.
   It allows you to gain divine favour quickly.
   MP:        It affects your magic capacity (+5).
 C - the ring "Igreuwut" (right claw) {rF+ EV+5 Int+5}
   (You found it on level 6 of the Dungeon)

   [ring of evasion]

   EV:        It affects your evasion (+5).
   Int:       It affects your intelligence (+5).
   rF:        It protects you from fire.
 G - a ring of protection from fire
 J - a ring of protection from fire
Wands
 v - a wand of roots (12)
 A - a wand of polymorph (7)
 D - a wand of quicksilver (13)
Scrolls
 e - 3 scrolls of amnesia
 f - 7 scrolls of teleportation
 i - 2 scrolls of poison
 j - 2 scrolls of vulnerability
 k - a scroll of fear {unknown}
 l - 2 scrolls of fog
 n - 3 scrolls of enchant armour
 q - a scroll of silence {unknown}
 t - 4 scrolls of blinking {unknown}
 u - 4 scrolls of immolation
 w - a scroll of torment {unknown}
 F - 7 scrolls of identify
 I - a scroll of brand weapon {unknown}
Potions
 b - 2 potions of ambrosia
 c - 2 potions of might {unknown}
 g - 4 potions of curing
 h - a potion of invisibility
 m - 3 potions of mutation
 r - 2 potions of cancellation
 s - a potion of degeneration {unknown}
 x - a potion of resistance
 z - a potion of heal wounds {unknown}
 K - a potion of lignification {unknown}
 M - a potion of attraction {unknown}
Miscellaneous
 N - a lightning rod (4/4)


   Skills:
 + Level 9.3 Fighting
 + Level 9.2 Dodging
 - Level 1.0 Stealth
 - Level 10.6 Unarmed Combat


You had 10 spell levels left.
You didn't know any spells.
Your spell library contained the following spells:

 Spells                   Type           Power      Damage    Failure   Level
 Magic Dart               Conj           0%         1d3       52%         1
 Searing Ray              Conj           0%         2d4       65%         2
 Dazzling Flash           Conj/Hex       0%         N/A       87%         3
 Ozocubu's Armour         Ice            0%         N/A       87%         3
 Summon Guardian Golem    Hex/Summ       0%         N/A       87%         3
 Animate Dead             Necr           0%         N/A       99%         4
 Cause Fear               Hex            0%         N/A       99%         4
 Fulminant Prism          Conj/Hex       0%         3d5       99%         4
 Agony                    Necr           0%         N/A       100%        5
 Silence                  Hex/Air        0%         N/A       100%        5
 Dragon Form              Tmut           0%         N/A       100%        7
 Haunt                    Necr/Summ      0%         N/A       100%        7
 Orb of Destruction       Conj           0%         9d5       100%        7
 Ozocubu's Refrigeration  Ice            0%         4d7       100%        7
 Spellforged Servitor     Conj/Summ      0%         N/A       100%        7
 Infestation              Necr           0%         N/A       100%        8
 Dragon's Call            Summ           0%         N/A       100%        9


Dungeon Overview and Level Annotations

Branches:
Dungeon (11/15)            Temple (1/1) D:7            Lair (0/5) D:9
    Orc: D:9-12

Altars:
Ashenzari
Cheibriados
Dithmenos
Elyvilon
Fedhas
Gozag
Hepliaklqana
Kikubaaqudgha
Makhleb
Nemelex Xobeh
Okawaru
Qazlal
Ru
Sif Muna
Trog
Uskayaw
Vehumet
Wu Jian
Xom
Yredelemnul
Zin
The Shining One

Shops:
D:5 ?   D:6 [


Innate Abilities, Weirdness & Mutations

You are too large for most types of armour.
You have claws for hands.
Your natural rate of healing is unusually fast.
You are covered in fur. (AC +1)
You have tough skin. (AC +1)


Message History

The manticore is moderately wounded.
The manticore misses you. The manticore claws you!
The manticore closely misses you.
You claw the manticore!
The manticore is heavily wounded.
The manticore misses you. The manticore claws you. x2
You scratch the manticore but do no damage.
The manticore is heavily wounded.
The manticore bites you. The manticore completely misses you.
The manticore misses you.
You scratch the manticore but do no damage.
Your claw misses the manticore.
The manticore is heavily wounded.
You scratch the manticore but do no damage.
The manticore is heavily wounded.
The manticore bites you!! The manticore claws you.
The manticore claws you but does no damage.
You scratch the manticore but do no damage.
The manticore is heavily wounded.
The manticore bites you!
* * * LOW HITPOINT WARNING * * *
The manticore claws you!
* * * LOW HITPOINT WARNING * * *
The manticore claws you.
* * * LOW HITPOINT WARNING * * *
You feel better.
The manticore bites you but does no damage.
The manticore barely misses you. The manticore claws you!
* * * LOW HITPOINT WARNING * * *
You scratch the manticore but do no damage.
The manticore is heavily wounded.
You carefully extract the barbed spikes from your body.
The manticore closely misses you. The manticore claws you!
* * * LOW HITPOINT WARNING * * *
The manticore claws you!
* * * LOW HITPOINT WARNING * * *
It was a potion of resistance.
You feel protected. The manticore misses you. The manticore claws you!
You die...

##################
.................# .
.................# ..
.................# ..
######...######..# .#
....##...##..##..##..###
........................
...............>@H$.....
..............>.[.......
.......................)
....##.##....##......###
....##.##....##......#
.....................#
.....................#
.....................#
...................


You could see a manticore.

Vanquished Creatures
  Harold (D:11)
  A boulder beetle (D:11)
  Pikel (D:5)
  The ghost of ragingrage the Cleaver, a novice HOFi (D:5)
  A guardian serpent (shapeshifter) (D:10)
  Maggie (D:7)
  A komodo dragon (D:9)
  3 trolls
  2 hornets (D:9)
  Prince Ribbit (D:7)
  4 slime creatures (D:11)
  Sigmund (D:3)
  5 wyverns
  Eustachio (D:6)
  8 yaks (D:9)
  3 steam dragons
  Menkaure (D:4)
  3 acid dragons
  A sky beast (D:6)
  2 orc warriors
  2 ice beasts
  A black bear (D:7)
  An ogre (D:4)
  A centaur (D:8)
  A lemure (D:5)
  3 necrophages (D:5)
  A bullfrog (D:6)
  4 scorpions
  5 wights
  4 killer bees (D:9)
  A howler monkey (D:6)
  An electric eel (D:9)
  2 hounds
  3 jellies
  A gnoll bouda (D:10)
  3 orc priests
  Crazy Yiuf (D:7)
  3 iguanas
  6 orc wizards
  Robin (D:3)
  6 adders
  7 gnolls
  3 shadow imps
  2 white imps
  2 ufetubi
  A worm (D:2)
  4 dart slugs
  33 orcs
  11 endoplasms
  3 giant cockroaches
  12 goblins
  7 hobgoblins
  4 jackals (D:4)
  4 quokkas
  6 ball pythons
  4 bats
  3 frilled lizards
  13 kobolds
  5 rats
217 creatures vanquished.

Vanquished Creatures (others)
  A goblin (D:3)
  A hobgoblin (D:3)
  4 plants
6 creatures vanquished.

Grand Total: 223 creatures vanquished

Notes
Turn   | Place    | Note
-------+----------+-------------------------------------------
     0 | D:1      | Darius099 the Troll Monk began the quest for the Orb.
     0 | D:1      | Reached XP level 1. HP: 22/22 MP: 0/0
     7 | D:1      | Noticed an electric eel
   250 | D:1      | Found a faded altar of an unknown god.
   274 | D:1      | Reached XP level 2. HP: 29/29 MP: 1/1
   485 | D:1      | Reached skill level 4 in Unarmed Combat
   617 | D:1      | Reached XP level 3. HP: 35/36 MP: 2/2
  1271 | D:3      | Found a stormy altar of Qazlal.
  1271 | D:3      | Noticed Robin
  1296 | D:3      | Killed Robin
  1297 | D:3      | Reached XP level 4. HP: 26/44 MP: 3/3
  1298 | D:3      | Reached skill level 5 in Unarmed Combat
  1445 | D:3      | Noticed Sigmund
  1457 | D:3      | Killed Sigmund
  1458 | D:3      | Reached skill level 6 in Unarmed Combat
  1458 | D:3      | Reached XP level 5. HP: 40/50 MP: 4/4
  1503 | D:3      | Found an ornate altar of the Wu Jian Council.
  1536 | D:3      | Identified the +2 robe "Umuvuen" {Fly}
  1747 | D:3      | Reached XP level 6. HP: 59/59 MP: 5/5
  1807 | D:3      | Found a shimmering blue altar of Sif Muna.
  1817 | D:3      | Found a blossoming altar of Fedhas.
  1832 | D:3      | Found a burning altar of Makhleb.
  1832 | D:3      | Noticed a blizzard demon
  1835 | D:3      | Noticed a smoke demon
  1835 | D:3      | Noticed a ynoxinul
  2068 | D:4      | Reached skill level 7 in Unarmed Combat
  2199 | D:4      | Noticed Menkaure
  2207 | D:4      | Killed Menkaure
  2208 | D:4      | Reached skill level 8 in Unarmed Combat
  2208 | D:4      | Reached XP level 7. HP: 40/66 MP: 6/6
  2766 | D:5      | Entered Level 5 of the Dungeon
  2766 | D:5      | Found Nukk's Magic Scroll Emporium.
  2895 | D:5      | Noticed Pikel
  2910 | D:5      | Killed Pikel
  2911 | D:5      | Reached skill level 10 in Unarmed Combat
  2911 | D:5      | Reached XP level 8. HP: 8/74 MP: 7/7
  3010 | D:5      | Found a runed translucent door.
  3010 | D:5      | Noticed ragingrage's ghost (novice HOFi)
  3301 | D:5      | Killed ragingrage's ghost
  3407 | D:6      | Found Zita's Antique Armour Boutique.
  3594 | D:6      | Reached XP level 9. HP: 60/84 MP: 8/8
  3697 | D:6      | Identified the ring "Igreuwut" {rF+ EV+5 Int+5}
  3939 | D:6      | Noticed Eustachio
  3947 | D:6      | Killed Eustachio
  3948 | D:6      | Reached skill level 5 in Fighting
  3948 | D:6      | Reached skill level 5 in Dodging
  4049 | D:6      | Found a radiant altar of Vehumet.
  4049 | D:6      | Found a hide-covered altar of Uskayaw.
  4263 | D:7      | Noticed Maggie
  4278 | D:7      | Killed Maggie
  4576 | D:7      | Identified the +4 trident of Tonucs {heavy, rElec rC-
                  | Str+3}
  4743 | D:7      | Found a staircase to the Ecumenical Temple.
  4794 | Temple   | Entered the Ecumenical Temple
  5100 | D:7      | Noticed Prince Ribbit
  5105 | D:7      | Killed Prince Ribbit
  5395 | D:7      | Found a runed translucent door.
  5396 | D:7      | Noticed Crazy Yiuf
  5402 | D:7      | Killed Crazy Yiuf
  5843 | D:8      | Reached XP level 10. HP: 100/100 MP: 9/9
  6147 | D:9      | Found an iron altar of Okawaru.
  6206 | D:9      | Found a staircase to the Lair.
  6590 | D:9      | Found a bloodstained altar of Trog.
  6642 | D:9      | Found a glowing golden altar of the Shining One.
  6848 | D:10     | Entered Level 10 of the Dungeon
  6998 | D:10     | Noticed a guardian serpent
  7005 | D:10     | Killed a guardian serpent
  7319 | D:10     | Reached XP level 11. HP: 113/113 MP: 10/10
  7611 | D:11     | Noticed a boulder beetle
  7625 | D:11     | Killed a boulder beetle
  7764 | D:11     | Noticed Harold
  7787 | D:11     | Killed Harold
  7966 | D:11     | HP: 4/115 [manticore (11)]
  7967 | D:11     | Slain by a manticore

Illustrated notes

Levels and vault maps discovered:
D:1:      arrival_aquarium_a, layout_loops_ring,
          hellmonk_ecumenical_altar_slurped_away
D:2:      layout_rooms, minmay_quantized
D:3:      kb_forest_paths, layout_rooms, grunt_qazlal_clouds,
          nicolae_wu_jian_wuxing_cycle, makhleb_altar_promises_db,
          nicolae_sif_muna_condensation, fedhas_altar_1, uniq_robin,
          uniq_sigmund
D:4:      layout_gridville, uniq_menkaure
D:5:      layout_basic, hellmonk_ghost_happy_afterlife, nicolae_stop_n_shop_2,
          uniq_pikel
D:6:      layout_loops_ring, gammafunk_temple_overflow_elements, serial_shops,
          shop, uniq_eustachio
D:7:      layout_basic, minmay_temple_entry_antechambers, minmay_checkerbox,
          uniq_prince_ribbit1, uniq_maggie, uniq_crazy_yiuf_cottage
D:8:      layout_rooms, serial_park_tiny_pond
D:9:      layout_roguey, kennysheep_mini, mainiacjoe_overflow_two_lobes,
          david_lair_shrubbed, kennysheep_generic_room_2
D:10:     layout_basic
D:11:     layout_gridville, uniq_harold, uniq_erolcha
Temple:   nicolae_temple_bog_church

Skill      XL: |  1  2  3  4  5  6  7  8  9 10 11 |
---------------+----------------------------------+-----
Unarmed Combat | 4 6 8 10 | 10.6
Fighting       | 4 6 8 9 |  9.3
Dodging        | 4 6 8 9 |  9.2
Stealth        | |  1.0

Action                     |  1- 3 |  4- 6 |  7- 9 | 10-12 || total
---------------------------+-------+-------+-------+-------++-------
  Melee: Unarmed           |    90 |   103 |   213 |   212 ||   618
         Punch             |     2 |     3 |    13 |    20 ||    38
    Use: Scroll            |       |       |    10 |       ||    10
         Potion            |       |       |     1 |     2 ||     3
   Stab: Sleeping          |     2 |     5 |     5 |       ||    12
 Armour: Robe              |    22 |    40 |    34 |       ||    96
         Swamp dragon scal |       |       |    14 |    36 ||    50
  Dodge: Dodged            |    38 |    43 |   126 |   168 ||   375

Table legend: (Time is in decaauts)
 A = Elapsed time spent in this place.
 B = Non-inter-level travel time spent in this place.
 C = Inter-level travel time spent in this place.
 D = Time resting spent in this place.
 E = Time spent auto-exploring this place.
 F = Levels seen in this place.
 G = Mean time per level.
                   A        B        C        D        E       F      G
               +--------+--------+--------+--------+--------+-----+--------+
         Total |   7865 |   7436 |    429 |    371 |   3551 |  12 |  655.4 |
       Dungeon |   7706 |   7294 |    412 |    371 |   3433 |  11 |  700.5 |
        Temple |    159 |    142 |     17 |      0 |    118 |   1 |  159.0 |
               +--------+--------+--------+--------+--------+-----+--------+

Top non-repeatable levels by time:
     D:7: 1194 daAuts
     D:9: 816 daAuts
     D:6: 804 daAuts
     D:1: 776 daAuts
     D:4: 759 daAuts
    D:10: 758 daAuts
     D:3: 735 daAuts
     D:5: 595 daAuts
     D:2: 473 daAuts
     D:8: 450 daAuts
    D:11: 341 daAuts
  Temple: 159 daAuts
